 Dungeon Crawl Stone Soup version 0.27-a0-695-gb4952372f7 (webtiles) character file.

Game seed: 988491400095685813

90 Essalna the Digger (level 4, -1/24 HPs)
             Began as a Gargoyle Earth Elementalist on Mar 22, 2021.
             Slain by Terence
             ... wielding a +0 flail
              (7 damage)
             ... on level 3 of the Dungeon.
             The game lasted 00:06:12 (2298 turns).

Essalna the Digger (Gargoyle Earth Elementalist)    Turns: 2298, Time: 00:06:13

Health: -1/24      AC:  5    Str: 12    XL:     4   Next: 56%
Magic:  0/8        EV: 11    Int: 16    God:
Gold:   57         SH:  0    Dex: 10    Spells: 7/8 levels left

rFire    . . .     SeeInvis .   e - +0 dagger
rCold    . . .     Faith    .   (no shield)
rNeg     + . .     Spirit   .   c - +0 robe
rPois    ∞         Reflect  .   (no helmet)
rElec    +         Harm     .   (no cloak)
rCorr    .         Rampage  .   (no gloves)
Will     .....                  (no boots)
Stlth    ++........             g - amulet of the acrobat
HPRegen  0.08/turn              (no ring)
MPRegen  0.11/turn              (no ring)

@: no status effects
A: AC +3, negative energy resistance 1, electricity resistance, torment
resistance 1, unbreathing 1, petrification resistance
a: no special abilities


You were on level 3 of the Dungeon.
You visited 1 branch of the dungeon, and saw 3 of its levels.

You collected 57 gold pieces.

Inventory:

Hand Weapons
 e - a +0 dagger (weapon)
Missiles
 b - 29 stones
Armour
 c - a +0 robe (worn)
 d - a +0 helmet
Jewellery
 g - an amulet of the acrobat (around neck)
Wands
 h - a wand of acid (4)
Scrolls
 a - 2 scrolls of identify {unknown}
 i - a scroll of enchant weapon {unknown}
 j - a scroll of magic mapping {unknown}
Potions
 f - 2 potions of magic {unknown}


   Skills:
 - Level 1.5 Dodging
 - Level 2.1 Stealth
 + Level 2.9 Spellcasting
 + Level 2.0 Transmutations
 + Level 4.6 Earth Magic


You had 7 spell levels left.
You knew the following spells:

 Your Spells              Type           Power      Damage    Failure   Level
a - Sandblast             Erth           34%        2d9       2%          1

Your spell library contained the following spells:

 Spells                   Type           Power      Damage    Failure   Level
 Passwall                 Tmut/Erth      10%        N/A       7%          2
 Apportation              Tloc           4%         N/A       19%         1
 Stone Arrow              Conj/Erth      18%        3d8       22%         3
 Petrify                  Tmut/Erth      13%        N/A       43%         4
 Gell's Gravitas          Tloc           1%         N/A       50%         3
 Teleport Other           Tloc           2%         N/A       50%         3
 Lee's Rapid Deconstruct  Erth           8%         3d8*      61%         5
 Iskenderun's Mystic Bla  Conj/Tloc      2%         2d3       88%         4
 Passage of Golubria      Tloc           N/A        N/A       88%         4
 Summon Forest            Summ/Tloc      1%         N/A       99%         5


Dungeon Overview and Level Annotations

Branches:
Dungeon (3/15)

Altars:
Cheibriados

Annotations:
D:3 Terence


Innate Abilities, Weirdness & Mutations

Your stone body is resilient. (AC +3)
You are immune to poison.
You resist negative energy. (rN+)
You are resistant to electric shocks. (rElec)
You are resistant to unholy torment.
You can survive without breathing.
You are immune to petrification.


Message History

Terence closely misses you.
The blast of sand hits Terence but does no damage.
Terence barely misses you.
The blast of sand hits Terence!
Terence is moderately wounded.
Terence hits you with a +0 flail.
You are too injured to fight recklessly!
You are too injured to fight recklessly!
You are too injured to fight recklessly!
You are too injured to fight recklessly!
You are too injured to fight recklessly!
You are too injured to fight recklessly!
You are too injured to fight recklessly!
You are too injured to fight recklessly!
Casting: Sandblast (safe; 2% risk of failure)
Confirm with . or Enter, or press ? or * to list all spells.
Aiming: Sandblast (safe; 2% risk of failure)
Press: ? - help, Shift-Dir - straight line, f/p - Terence
Aim: Terence, wielding a +0 flail and wearing a +0 chain mail (moderately wounded, 15% to evade)
The blast of sand hits Terence but does no damage.
Terence is moderately wounded.
Terence hits you with a +0 flail!
Casting: Sandblast (safe; 2% risk of failure)
Confirm with . or Enter, or press ? or * to list all spells.
Aiming: Sandblast (safe; 2% risk of failure)
Press: ? - help, Shift-Dir - straight line, f/p - Terence
Aim: Terence, wielding a +0 flail and wearing a +0 chain mail (moderately wounded, 15% to evade)
The blast of sand hits Terence but does no damage.
Terence is moderately wounded.
Terence hits you with a +0 flail.
* * * LOW HITPOINT WARNING * * *
Casting: Sandblast (safe; 2% risk of failure)
Confirm with . or Enter, or press ? or * to list all spells.
Aiming: Sandblast (safe; 2% risk of failure)
Press: ? - help, Shift-Dir - straight line, f/p - Terence
Aim: Terence, wielding a +0 flail and wearing a +0 chain mail (moderately wounded, 15% to evade)
The blast of sand hits Terence.
Terence is severely wounded.
Terence hits you with a +0 flail!
You die...

#. #.. #.# #.# ##+##.#
#.# ## ##...#.###.## ..
##. ##....... ... .# ..
##.....<.###.# .##
.####.........##.#...##
... +.........'.@@....#
.# #.........##.#...##
.# #.......###.....# .#
##.....## #####.# .#
##...## .# ## ##'## .#
#.# g# ## #.######## @#
.# ##.#......###.#


You could see Terence.

Vanquished Creatures
  2 adders (D:2)
  A white imp (D:3)
  3 worms
  2 dart slugs (D:2)
  A leopard gecko (D:1)
  3 giant cockroaches
  5 goblins
  6 hobgoblins
  4 jackals (D:1)
  6 kobolds
  A quokka (D:2)
  8 bats
  6 frilled lizards
  4 rats
52 creatures vanquished.

Notes
Turn   | Place    | Note
-------+----------+-------------------------------------------
     0 | D:1      | Essalna the Gargoyle Earth Elementalist began the quest for
                  | the Orb.
     0 | D:1      | Reached XP level 1. HP: 10/10 MP: 3/3
    93 | D:1      | Reached skill level 1 in Transmutations
   350 | D:1      | Reached XP level 2. HP: 15/15 MP: 0/5
   440 | D:1      | Reached skill level 4 in Earth Magic
   450 | D:1      | Identified the Reference Book on the Voyage
   644 | D:1      | Reached XP level 3. HP: 15/19 MP: 1/6
  1744 | D:2      | Found a snail-covered altar of Cheibriados.
  1748 | D:2      | Reached XP level 4. HP: 24/24 MP: 5/8
  2252 | D:3      | Noticed Terence
  2298 | D:3      | Slain by Terence

Illustrated notes

Levels and vault maps discovered:
D:1:      minmay_arrival_stair_chambers, layout_rooms
D:2:      layout_basic, kennysheep_slug_shrine
D:3:      layout_loops_corners, okawaru_gym_becter, uniq_terence

Skill      XL: |  1  2  3  4 |
---------------+-------------+-----
Transmutations | 1 2 |  2.0
Earth Magic    | 4 |  4.6
Dodging        | |  1.5
Stealth        | |  2.1
Spellcasting   | |  2.9

Action                   |  1- 3 |  4- 6 || total
-------------------------+-------+-------++-------
Melee: Unarmed           |    16 |       ||    16
       Dagger            |     6 |    10 ||    16
 Cast: Sandblast         |    56 |    34 ||    90
Armor: Robe              |    31 |     7 ||    38
Dodge: Dodged            |    40 |    15 ||    55

Table legend: (Time is in decaauts)
 A = Elapsed time spent in this place.
 B = Non-inter-level travel time spent in this place.
 C = Inter-level travel time spent in this place.
 D = Time resting spent in this place.
 E = Time spent auto-exploring this place.
 F = Levels seen in this place.
 G = Mean time per level.
                   A        B        C        D        E       F      G
               +--------+--------+--------+--------+--------+-----+--------+
         Total |   2298 |   2243 |     55 |      0 |   1837 |   3 |  766.0 |
       Dungeon |   2298 |   2243 |     55 |      0 |   1837 |   3 |  766.0 |
               +--------+--------+--------+--------+--------+-----+--------+

Top non-repeatable levels by time:
     D:1: 1113 daAuts
     D:2: 964 daAuts
     D:3: 220 daAuts
